 Dungeon Crawl Stone Soup version 0.31-a0-1589-g8f5e8aebd6 (webtiles) character file.

Game seed: 6040234947925470383

2520 Newt the Spear-Bearer (level 9, -4/65 HPs)
             Began as a Merfolk Gladiator on Jan 5, 2024.
             Slain by a hornet (9 damage)
             ... on level 7 of the Dungeon.
             The game lasted 00:08:02 (7618 turns).

Newt the Spear-Bearer (Merfolk Gladiator)           Turns: 7618, Time: 00:08:03

Health: -4/65      AC:  3    Str: 18    XL:     9   Next: 54%
Magic:  0/16       EV: 15    Int: 13    God:
Gold:   508        SH:  0    Dex: 16    Spells: 14/17 levels left

rFire   . . .        r - +0 halberd (freeze)
rCold   . . .        (shield currently unavailable)
rNeg    . . .        b - +0 leather armour
rPois   .            c - melded +0 helmet
rElec   .            (cloak currently unavailable)
rCorr   .            (gloves currently unavailable)
SInv    .            (boots currently unavailable)
Will    .....        i - amulet of guardian spirit
Stlth   +            x - +6 ring of intelligence
HPRegen 0.30/turn    (no ring)
MPRegen 0.15/turn

%: guardian spirit
@: mighty, lethally poisoned (-4 -> -16), beast-form, slowed, very slow
A: beast (slay +4), (nimble swimmer 2), mertail
a: Begin Untransformation


You were on level 7 of the Dungeon.
You were a hulking beast.
You visited 1 branch of the dungeon, and saw 7 of its levels.
You also visited: Sewer.

You collected 508 gold pieces.

Inventory:

Hand Weapons
 a - a +0 trident of chaos
 p - a +0 spear
 r - a +0 halberd of freezing (weapon)
Missiles
 e - a javelin
Armour
 b - a +0 leather armour (worn)
 c - a +0 helmet (melded)
 k - an orb of light
Jewellery
 i - an amulet of guardian spirit (around neck)
 x - a +6 ring of intelligence (left hand)
Talismans
 n - a beast talisman (active)
Wands
 j - a wand of mindburst (15)
 o - a wand of quicksilver (12)
 q - a wand of paralysis (4)
 E - a wand of roots (10)
Scrolls
 d - a scroll of torment
 h - 5 scrolls of teleportation
 m - 4 scrolls of vulnerability
 v - a scroll of enchant weapon {unknown}
 y - 3 scrolls of poison
 A - 3 scrolls of fog
 B - a scroll of identify
 D - 2 scrolls of revelation {unknown}
Potions
 f - a potion of enlightenment
 g - a potion of attraction
 l - 3 potions of cancellation
 s - a potion of haste {unknown}
 t - a potion of might
 u - a potion of experience {unknown}
 w - a potion of curing {unknown}
 z - 3 potions of brilliance {unknown}
 C - a potion of degeneration {unknown}


   Skills:
 - Level 4.0 Fighting
 - Level 9.0 Polearms
 - Level 2.0 Throwing
 - Level 7.0 Dodging
 + Level 4.6 Spellcasting
 + Level 4.2 Necromancy
 - Level 7.0 Shapeshifting


You had 14 spell levels left.
You knew the following spells:

 Your Spells              Type           Power      Damage    Failure   Level
a - Fugue of the Fallen   Necr           14%        N/A       12%         3

Your spell library contained the following spells:

 Spells                   Type           Power      Damage    Failure   Level
 Summon Small Mammal      Summ           12%        N/A       22%         1
 Call Canine Familiar     Summ           3%         N/A       56%         3
 Ozocubu's Armour         Ice            3%         N/A       56%         3
 Animate Armour           Summ/Erth      6%         N/A       92%         4
 Manifold Assault         Tloc           3%         N/A       92%         4
 Olgreb's Toxic Radiance  Alch           3%         N/A       92%         4
 Summon Blazeheart Golem  Fire/Summ      3%         N/A       92%         4
 Summon Lightning Spire   Summ/Air       3%         N/A       92%         4
 Lee's Rapid Deconstruct  Erth           1%         3d4*      99%         5
 Conjure Ball Lightning   Conj/Air       1%         3x3d6     100%        6
 Ozocubu's Refrigeration  Ice            1%         4d7       100%        7
 Discord                  Hex            1%         N/A       100%        8
 Disjunction              Tloc           1%         N/A       100%        8


Dungeon Overview and Level Annotations

Branches:
Dungeon (7/15)              Sewer (visited)
 Temple: D:4-7

Altars:
Kikubaaqudgha
Okawaru
Trog
Uskayaw
Xom
The Shining One

Shops:
D:5 [   D:6 :

Annotations:
D:7 1 runed translucent door


Innate Abilities, Weirdness & Mutations

You are a hulking beast.
Your limbs bulge with bestial killing power. (Slay +4)
((You are very nimble when in or above water. (Stealth+, EV+, Speed+++)))
Your lower body shifts to a powerful aquatic tail in water.


Message History

You miss the hornet.
The hornet is moderately wounded.
You feel yourself speed up.
You feel very sick.
The hornet misses you. x2; The hornet stings you!
You feel yourself slow down.
You completely miss the hornet.
The hornet is moderately wounded.
You feel sick. The hornet stings you.
You feel as though you will be slow longer.
The hornet stings you!
You are more poisoned.
You feel as though you will be slow longer.
Aiming: Paralyse
Press: ? - help, Shift-Dir - straight line, f/p - hornet
Aim: a hornet (moderately wounded, chance to affect: 39%)
The hornet resists with some effort.
You feel very sick. The hornet closely misses you. The hornet stings you.
You are lethally poisoned!
You feel as though you will be slow longer.
Unknown command.
Unknown command.
Aiming: Paralyse
Press: ? - help, Shift-Dir - straight line, f/p - hornet
Aim: a hornet (moderately wounded, chance to affect: 39%)
The hornet resists with some effort.
* * * LOW HITPOINT WARNING * * *
You feel extremely sick. The hornet closely misses you. The hornet stings you!
* * * LOW HITPOINT WARNING * * *
You feel as though you will be slow longer.
The hornet closely misses you.
Unknown command.
Unknown command.
It was a potion of might.
You feel very mighty all of a sudden.
* * * LOW HITPOINT WARNING * * *
You feel very sick. The hornet misses you. The hornet stings you!
You die...

#.##.###.#
##...##
#........#
##+##
####.#####
#.#
####.#####
#........#
#.##.###.#
#.##.###.##
#.##..hy..#
#.######..#
#.# ....
#.# ####
#.. ###


You could see a hornet.

Vanquished Creatures
  Pikel (D:4)
  Sigmund (D:2)
  A water moccasin (D:7)
  2 black bears
  A sky beast (D:7)
  An ice beast (D:6)
  A crocodile (Sewer)
  3 ogres
  3 centaurs
  2 lemures (D:4)
  A kobold brigand (D:7)
  A scorpion (D:7)
  2 howler monkeys (D:7)
  2 gnoll boudas
  3 hounds
  2 orc priests (D:3)
  Jessica (D:3)
  4 iguanas
  A sleepcap (D:7)
  Natasha (twice) (D:3)
  2 orc wizards
  Robin (D:2)
  8 gnolls
  5 adders
  2 shadow imps (D:6)
  A white imp (D:5)
  3 dart slugs
  A ribbon worm (D:4)
  8 orcs
  4 bats
  6 endoplasms
  4 giant cockroaches
  12 hobgoblins
  6 jackals
  10 ball pythons
  2 frilled lizards (D:1)
  12 goblins
  11 kobolds
  4 rats
  A spectral kobold (D:1)
138 creatures vanquished.

Vanquished Creatures (others)
  A water moccasin (D:7)
1 creature vanquished.

Grand Total: 139 creatures vanquished

Notes
Turn   | Place    | Note
-------+----------+-------------------------------------------
     0 | D:1      | Newt the Merfolk Gladiator began the quest for the Orb.
     0 | D:1      | Reached XP level 1. HP: 16/16 MP: 1/1
   493 | D:1      | Reached XP level 2. HP: 24/24 MP: 2/2
   519 | D:1      | Found a faded altar of an unknown god.
   777 | D:2      | Reached XP level 3. HP: 10/30 MP: 3/3
  1039 | D:2      | Noticed Sigmund
  1059 | D:2      | Killed Sigmund
  1060 | D:2      | Reached skill level 6 in Polearms
  1060 | D:2      | Reached XP level 4. HP: 37/37 MP: 4/4
  1060 | D:2      | Reached XP level 5. HP: 42/42 MP: 5/5
  1077 | D:2      | Reached skill level 7 in Polearms
  1171 | D:2      | Noticed Robin
  1187 | D:2      | Killed Robin
  1259 | D:2      | Reached XP level 6. HP: 48/48 MP: 6/6
  1681 | D:3      | Found a bloodstained altar of Trog.
  1705 | D:3      | Reached skill level 8 in Polearms
  2071 | D:3      | Noticed a black bear
  2087 | D:3      | Killed a black bear
  2088 | D:3      | Reached skill level 9 in Polearms
  2088 | D:3      | Reached skill level 1 in Shapeshifting
  2252 | D:3      | Noticed Natasha
  2263 | D:3      | Killed Natasha
  2264 | D:3      | Reached XP level 7. HP: 50/54 MP: 7/7
  2429 | D:3      | Noticed Jessica
  2438 | D:3      | Killed Jessica
  2622 | D:3      | Noticed Natasha
  2633 | D:3      | Killed Natasha
  3143 | D:4      | Found a shimmering altar of Xom.
  3252 | D:4      | You fall into a shaft and drop 1 floor!
  3252 | D:5      | Entered Level 5 of the Dungeon
  3253 | D:5      | Found Votz's Armour Boutique.
  3291 | D:4      | HP: 2/54 [lemure[Pikel] (7)]
  3320 | D:4      | Noticed Pikel
  3330 | D:4      | Killed Pikel
  3331 | D:4      | Reached XP level 8. HP: 6/60 MP: 2/8
  3623 | D:4      | Found a hide-covered altar of Uskayaw.
  3701 | D:4      | Reached skill level 5 in Dodging
  3876 | D:5      | Found a glowing drain.
  3880 | Sewer    | Entered a sewer
  4838 | D:4      | Reached skill level 1 in Spellcasting
  4838 | D:4      | Reached skill level 1 in Necromancy
  5167 | D:5      | Found a glowing golden altar of the Shining One.
  5763 | D:6      | Reached XP level 9. HP: 30/65 MP: 4/13
  6174 | D:6      | Learned a level 3 spell: Fugue of the Fallen
  6651 | D:6      | Found Ozuj's Book Boutique.
  6751 | D:6      | Found an ancient bone altar of Kikubaaqudgha.
  7077 | D:7      | Found an iron altar of Okawaru.
  7077 | D:7      | Found a runed translucent door.
  7082 | D:7      | Found the +0 toga "Victory" {*Victory Clar}
  7274 | D:7      | HP: 3/65 [centaur/arrow (7)]
  7609 | D:7      | Noticed a hornet
  7618 | D:7      | Slain by a hornet

Illustrated notes

Levels and vault maps discovered:
D:1:      lightli_arrival_isolated_outpost, layout_loops_cross,
          dreamdust_ecumenical_altar_drowned_temple
D:2:      layout_basic, fountainhead, minmay_pentomino_w4, uniq_sigmund,
          uniq_robin
D:3:      layout_basic, mainiacjoe_overflow_concentric_impassable, uniq_jessica,
          uniq_natasha
D:4:      layout_loops_corners, mainiacjoe_overflow_tiny_flanked,
          mainiacjoe_overflow_small_starburst, roderic_nine_men_s_morris,
          uniq_pikel
D:5:      layout_cave_pods, mainiacjoe_overflow_cross_hatched, serial_shops,
          shop, mainiacjoe_sewer_entry_somewhere_in_here_1
D:6:      layout_basic, lemuel_doored_altar, serial_shops, shop
D:7:      layout_loops_corners, nicolae_overflow_guarded_unrand_okawaru_victory,
          lemuel_temple_firewalk_b

Skill      XL: |  1  2  3  4  5  6  7  8  9 |
---------------+----------------------------+-----
Fighting       | 3 4 |  4.0
Polearms       | 6 7 9 |  9.0
Shapeshifting  | 1 7 |  7.0
Dodging        | 7 |  7.0
Spellcasting   | 2 4 |  4.6
Necromancy     | 2 4 |  4.2
Throwing       | |  2.0

Action                     |  1- 3 |  4- 6 |  7- 9 || total
---------------------------+-------+-------+-------++-------
  Melee: Trident           |    57 |   138 |    87 ||   282
         Punch             |       |     7 |       ||     7
         Halberd           |       |       |   170 ||   170
         Spear             |       |       |    15 ||    15
         Tailslap          |       |       |     1 ||     1
  Throw: Throwing net      |     2 |     4 |     2 ||     8
         Javelin           |       |     1 |       ||     1
  Evoke: Wand              |       |       |     3 ||     3
    Use: Potion            |       |     1 |     4 ||     5
         Scroll            |       |       |    11 ||    11
   Stab: Sleeping          |     1 |       |     2 ||     3
         Held in net/web   |     4 |     2 |     1 ||     7
         Distracted        |       |       |     2 ||     2
 Armour: Leather armour    |    19 |    65 |   138 ||   222
         Skin              |       |       |    17 ||    17
  Dodge: Dodged            |    30 |    73 |   147 ||   250
   Form: Beast             |       |       |     1 ||     1

Table legend: (Time is in decaauts)
 A = Elapsed time spent in this place.
 B = Non-inter-level travel time spent in this place.
 C = Inter-level travel time spent in this place.
 D = Time resting spent in this place.
 E = Time spent auto-exploring this place.
 F = Levels seen in this place.
 G = Mean time per level.
                   A        B        C        D        E       F      G
               +--------+--------+--------+--------+--------+-----+--------+
         Total |   7567 |   7333 |    234 |   1466 |   4916 |   8 |  945.9 |
       Dungeon |   7375 |   7141 |    234 |   1466 |   4780 |   7 | 1053.6 |
         Sewer |    192 |    192 |      0 |      0 |    136 |   1 |  192.0 |
               +--------+--------+--------+--------+--------+-----+--------+

Top non-repeatable levels by time:
     D:4: 1417 daAuts
     D:3: 1395 daAuts
     D:6: 1297 daAuts
     D:2: 917 daAuts
     D:5: 904 daAuts
     D:1: 731 daAuts
     D:7: 712 daAuts
   Sewer: 192 daAuts
